 Dungeon Crawl Stone Soup version 0.31-a0-692-gf03d1854d5 (webtiles) character file.

Game seed: 15236974525664598162

203 qw the Shooter (level 5, -1/32 HPs)
             Began as a Gargoyle Hunter on Sept 6, 2023.
             Slain by Pikel
             ... wielding a +0 whip of electrocution
              (2 damage)
             ... on level 4 of the Dungeon.
             The game lasted 00:00:40 (2506 turns).

qw the Shooter (Gargoyle Hunter)                    Turns: 2506, Time: 00:00:41

Health: -1/32      AC: 10    Str: 14    XL:     5   Next: 81%
Magic:  5/5        EV: 10    Int: 10    God:
Gold:   190        SH:  0    Dex: 15    Spells: 4/4 levels left

rFire   . . .        h - +0 arbalest
rCold   . . .        (shield currently unavailable)
rNeg    + . .        d - +0 ring mail
rPois   inf          c - +0 helmet
rElec   +            (no cloak)
rCorr   .            (no gloves)
SInv    .            (no boots)
Will    .....        (no amulet)
Stlth   +            (no ring)
HPRegen 0.25/turn    (no ring)
MPRegen 0.09/turn

%: no passive effects
@: no status effects
A: sickness immunity, AC +4, negative energy resistance 1, electricity
resistance, torment resistance 1, petrification resistance
a: no special abilities


You were on level 4 of the Dungeon.
You visited 1 branch of the dungeon, and saw 4 of its levels.

You collected 190 gold pieces.


Innate Abilities, Weirdness & Mutations

You are immune to sickness and miasma.
Your stone body is resilient. (AC +4)
You are immune to poison.
You resist negative energy. (rN+)
You are resistant to electric shocks. (rElec)
You are resistant to unholy torment.
You are immune to petrification.


   Skills:
 + Level 3.5 Fighting
 - Level 6.2 Ranged Weapons
 - Level 1.0 Armour
 - Level 1.5 Dodging
 - Level 1.1 Stealth


You had 4 spell levels left.
You didn't know any spells.
Your spell library was empty.

Inventory:

Hand Weapons
 h - a +0 arbalest (weapon)
 Y - a +1 shortbow
Armour
 c - a +0 helmet (worn)
 d - a +0 ring mail (worn)
Jewellery
 e - a ring of ice
Scrolls
 a - a scroll of identify
Potions
 b - a potion of attraction {unknown}
 f - a potion of curing
 g - a potion of cancellation {unknown}
 i - a potion of heal wounds {unknown}

Dungeon Overview and Level Annotations

Branches:
Dungeon (4/15)
 Temple: D:4-7

Altars:

Annotations:
D:4 Pikel


Message History

Enter note:
2499 ||| RETREATING. 2 lemures and an adder come into view.
The lemure shouts! x2; The adder hisses angrily.
There is an open door here.
Enter note:
Enter note:
Enter note:
Enter note:
2501 ||| SWAPPING to +0 arbalest.
h - a +0 arbalest (weapon)
You shoot a bolt. The bolt closely misses the lemure.
Pikel cracks his whip.
Pikel barely misses you. The lemure barely misses you.
The lemure hits you but does no damage.
You shoot a bolt. The bolt barely misses the lemure.
Pikel hits you but does no damage. The lemure hits you.
The lemure hits you but does no damage. Pikel hits you but does no damage.
The lemure barely misses you. The adder barely misses you.
You shoot a bolt. The bolt closely misses the lemure.
The lemure hits you. The lemure barely misses you.
The adder bites you but does no damage.
Pikel hits you with a +0 whip of electrocution.
The lemure hits you but does no damage. x2; The lemure closely misses you.
The adder bites you but does no damage.
You shoot a bolt. The bolt barely misses the lemure.
The adder bites you but does no damage.
Pikel hits you with a +0 whip of electrocution.
The lemure hits you but does no damage. x2; The lemure barely misses you.
The adder barely misses you. Pikel closely misses you.
The lemure hits you but does no damage. The lemure barely misses you.
The lemure hits you.
You shoot a bolt. The bolt closely misses the lemure.
The adder barely misses you.
Pikel hits you with a +0 whip of electrocution!
The lemure hits you but does no damage. x2; The lemure hits you!
The adder bites you but does no damage. The lemure barely misses you.
Pikel hits you with a +0 whip of electrocution.
You die...
Pikel says, "Another soul for the market."

#......#.........##'###...
#......##............###+#
#.......#............#
#.......#............#
#.......#............+
#.......#............#
#.......#......#####..
#.......#.S....# ...
#.......#@5....+ ....
#.......5K5....#
#.......#5.....#
#.......#......#
#./.)...#......#
#.......#.......#
#.......#.......+
#.......#.......#
#.......#.......


You could see Pikel, 4 lemures and an adder.

Vanquished Creatures
  A jelly (D:4)
  2 hounds
  An iguana (D:4)
  4 adders
  A worm (D:2)
  3 dart slugs
  8 endoplasms
  A giant cockroach (D:3)
  4 goblins
  A hobgoblin (D:2)
  2 quokkas
  3 ball pythons
  5 bats
  3 frilled lizards
  3 kobolds
  4 rats
46 creatures vanquished.

Notes
Turn   | Place    | Note
-------+----------+-------------------------------------------
     0 | D:1      | qw the Gargoyle Hunter began the quest for the Orb.
     0 | D:1      | Reached XP level 1. HP: 12/12 MP: 1/1
     0 | D:1      | 0 ||| qw: Version: 0.3-a-76-g4403597
     0 | D:1      | 0 ||| qw: Game counter: 193
     0 | D:1      | 0 ||| qw: Melee chars always use a shield: true
     0 | D:1      | 0 ||| qw: God list: Okawaru
     0 | D:1      | 0 ||| qw: Allow faded altars: false
     0 | D:1      | 0 ||| qw: Do Orc after clearing Dungeon:15 true
     0 | D:1      | 0 ||| qw: Do second Lair branch before Depths: true
     0 | D:1      | 0 ||| qw: Lair rune preference: random
     0 | D:1      | 0 ||| qw: Goals: Normal
     0 | D:1      | 0 ||| PLANNING D:1-11
   124 | D:1      | Reached XP level 2. HP: 17/17 MP: 2/2
   673 | D:1      | Reached XP level 3. HP: 21/21 MP: 3/3
   778 | D:1      | Reached skill level 5 in Ranged Weapons
   814 | D:1      | 814 ||| UPGRADING to +0 ring mail.
   824 | D:1      | 824 ||| DROPPING +0 leather armour.
   825 | D:1      | 825 ||| DROPPING ring of wizardry.
   826 | D:1      | 826 ||| READING scroll labelled XAKOAG KEWY.
   827 | D:1      | 827 ||| DRINKING 2 golden potions.
   828 | D:1      | 828 ||| DROPPING scroll of butterflies.
   903 | D:2      | Reached skill level 1 in Armour
  1023 | D:2      | Reached skill level 3 in Fighting
  1023 | D:2      | Reached XP level 4. HP: 26/28 MP: 4/4
  1516 | D:2      | 1516 ||| UPGRADING to +0 helmet.
  2276 | D:3      | Reached XP level 5. HP: 32/32 MP: 5/5
  2344 | D:3      | 2344 ||| READING scroll labelled GOANIAFRIYN.
  2453 | D:4      | Reached skill level 6 in Ranged Weapons
  2498 | D:4      | Noticed Pikel
  2498 | D:4      | Noticed a lemure
  2498 | D:4      | Noticed a lemure
  2499 | D:4      | 2499 ||| RETREATING.
  2499 | D:4      | Noticed a lemure
  2499 | D:4      | Noticed a lemure
  2501 | D:4      | 2501 ||| SWAPPING to +0 arbalest.
  2506 | D:4      | HP: 1/32 [lemure[Pikel] (8)]
  2506 | D:4      | Slain by Pikel

Levels and vault maps discovered:
D:1:      eino_arrival_water_cross, layout_basic, minmay_misc_feat_tower
D:2:      layout_loops_ring
D:3:      layout_loops_ring, grunt_ministairs_11, minmay_curled_crystal,
          kennysheep_small_spiral, uniq_crazy_yiuf_cottage
D:4:      layout_gridville, uniq_eustachio, uniq_pikel, uniq_ijyb, uniq_grinder

Skill      XL: |  1  2  3  4  5 |
---------------+----------------+-----
Ranged Weapons | 5 6 |  6.2
Armour         | 1 |  1.0
Fighting       | 3 |  3.5
Dodging        | |  1.5
Stealth        | |  1.1

Action                     |  1- 3 |  4- 6 || total
---------------------------+-------+-------++-------
   Fire: Shortbow          |    84 |    54 ||   138
         Arbalest          |       |     5 ||     5
    Use: Scroll            |     1 |     1 ||     2
         Potion            |     1 |       ||     1
 Armour: Leather armour    |    14 |       ||    14
         Ring mail         |    15 |    45 ||    60
  Dodge: Dodged            |    23 |    20 ||    43

Table legend:
 A = Non-vault XP
 B = Vault XP
 C = Vault XP percentage of total XP
 D = Non-vault monster count
 E = Vault monster count
 F = Vault count percentage of total count
                 A         B        C        D         E       F
            +---------+---------+-------+---------+---------+-------
      Total |     285 |       5 |   1.7 |      44 |       2 |   4.3
            +---------+---------+-------+---------+---------+-------
        D:1 |      40 |       0 |   0.0 |      23 |       0 |   0.0
        D:2 |      58 |       0 |   0.0 |      11 |       0 |   0.0
        D:3 |      62 |       5 |   7.5 |       7 |       2 |  22.2
        D:4 |     125 |       0 |   0.0 |       3 |       0 |   0.0
            +---------+---------+-------+---------+---------+-------
